 Dungeon Crawl Stone Soup version 0.16.0-17-g811c1d7 (webtiles) character file.

521502 DogShitOnMyToe the Middleweight Champion (level 25, -4/227 HPs)
             Began as a Ghoul Necromancer on Mar 21, 2015.
             Was the Champion of Makhleb.
             Killed from afar by a fire giant (18 damage)
             ... with a fireball
             ... on level 9 of a ziggurat on Mar 22, 2015.
             The game lasted 04:24:59 (53224 turns).

DogShitOnMyToe the Middleweight Champion (GhNe)    Turns: 53224, Time: 04:25:03

Health: -4/227     AC: 38    Str: 28      XL:     25   Next: 30%
Magic:  46/46      EV:  7    Int:  9 (12) God:    Makhleb [******]
Gold:   5636       SH: 13    Dex:  7      Spells: 6 memorised, 8 levels left

rFire  . . .     SeeInvis +       - Unarmed
rCold  + + .     Clarity  +     J - +5 crystal plate armour (curse)
rNeg   + + +     SustAb   .     T - +0 shield (curse)
rPois  ∞         Gourm    .     I - +3 crown of Dyrovepreva {rElec Int+2 SInv}
rElec  +         Spirit   .     L - +0 cloak of the Devil's Advocate {rC+ MP+9 Str+6 Dex-4 Stlth+} (curse)
rCorr  .         Warding  .     k - +2 pair of gloves {archery}
rMut   .         Stasis   .     q - -2 pair of boots of the Ditch-Digger {+Blink} (curse)
MR     ++...                    M - amulet of clarity
Stlth  ..........               b - +4 ring of slaying
                                A - ring of protection from magic

@: very slightly contaminated, rotting, very resistant to hostile enchantments,
extremely unstealthy
A: rotting body, claws 1, carnivore 3, cold resistance 1, negative energy
resistance 3, poison resistance, slow healing 1, torment resistance, unbreathing
a: Minor Destruction, Lesser Servant of Makhleb, Major Destruction, Greater
Servant of Makhleb, Renounce Religion, Evoke Blink
}: 3/15 runes: barnacled, silver, gossamer


You were on level 9 of a ziggurat.
You worshipped Makhleb.
Makhleb was exalted by your worship.
You were not hungry.

You visited 9 branches of the dungeon, and saw 48 of its levels.
You visited the Abyss 1 time.
You visited 1 ziggurat, and saw 9 of its levels.
You also visited: Bailey, Ice Cave and Wizlab.

You collected 7570 gold pieces.
You spent 1934 gold pieces at shops.

Inventory:

Armour
 e - the +2 hat of the Bear Spirit {Spirit, +Rage rN+ MR++}
   (You bought it in a shop on level 1 of the Vaults)

   It protects you from negative energy.
   It affects your resistance to hostile enchantments.
   It lets you go berserk.
 k - a +2 pair of gloves of archery (worn)
 q - the cursed -2 pair of boots of the Ditch-Digger (worn) {+Blink}
   (You found it on level 3 of the Elven Halls)

   It lets you blink.
   It has a curse placed upon it.
 F - a +0 large shield
 I - the +3 crown of Dyrovepreva (worn) {rElec Int+2 SInv}
   (You found it on level 5 of the Vaults)

   It affects your intelligence (+2).
   It insulates you from electricity.
   It enhances your eyesight.
 J - a cursed +5 crystal plate armour (worn)
 L - the cursed +0 cloak of the Devil's Advocate (worn) {rC+ MP+9 Str+6 Dex-4 Stlth+}
   (You found it in an ice cave)

   It affects your strength (+6).
   It affects your dexterity (-4).
   It protects you from cold.
   It affects your magic capacity (+9).
   It makes you more stealthy.
   It has a curse placed upon it.
 T - a cursed +0 shield (worn)
Jewellery
 b - a +4 ring of slaying (right hand)
 g - an uncursed amulet of resist mutation
 v - an uncursed ring of see invisible
 w - a cursed ring of protection from fire
 A - a ring of protection from magic (left hand)
 M - an amulet of clarity (around neck)
 W - an uncursed ring of protection from cold
Magical devices
 C - a wand of disintegration (0)
 S - a wand of digging (12)
 Z - a wand of teleportation (7)
Scrolls
 d - 15 scrolls of teleportation
 i - 2 scrolls of summoning
 j - 7 scrolls of fear
 m - 4 scrolls of magic mapping
 u - a scroll of silence
 G - 21 scrolls of remove curse
 P - 13 scrolls of recharging
 Q - a scroll of torment
 R - 20 scrolls of identify
 U - a scroll of blinking
 X - 3 scrolls of fog
Potions
 f - 5 potions of brilliance
 h - 2 potions of agility
 l - 7 potions of haste
 n - 7 potions of heal wounds
 o - 8 potions of restore abilities
 p - 25 potions of curing
 r - 2 potions of invisibility
 s - 4 potions of resistance
 t - 3 potions of magic
 N - 6 potions of might
 Y - 4 potions of cancellation
Miscellaneous
 a - a phantom mirror
 y - a lamp of fire
 B - a box of beasts
 D - a sack of spiders
 H - a sack of spiders
 K - a fan of gales
 V - a legendary deck of defence {the Blade}
Comestibles
 c - 8 royal jellies
 x - 19 meat rations
 z - 11 slices of pizza
 E - 10 beef jerkies
 O - 6 chunks of flesh


   Skills:
 - Level 19.1 Fighting
   Level 0.1 Short Blades
 - Level 17.0 Armour
 - Level 7.0 Dodging
 - Level 2.1 Stealth
 - Level 12.1 Shields
 O Level 27 Unarmed Combat
 - Level 1.7 Spellcasting
 - Level 5.1 Necromancy
 - Level 15.1 Invocations
 + Level 11.2 Evocations


You had 8 spell levels left.
You knew the following spells:

 Your Spells              Type           Power        Failure   Level  Hunger
a - Regeneration          Chrm/Necr      #.........   100%        3    ####...
b - Apportation           Tloc           #.........   100%        1    ##.....
c - Blink                 Tloc           N/A          100%        2    ###....
d - Deflect Missiles      Chrm/Air       #.........   100%        6    #######
e - Haste                 Chrm           #.......     100%        6    #######
f - Summon Butterflies    Summ           #.......     100%        1    ##.....


Dungeon Overview and Level Annotations

Branches:
Dungeon (15/15)            Temple (1/1) D:5            Lair (8/8) D:11
 Shoals (5/5) Lair:5       Spider (5/5) Lair:5        Slime (0/6) Lair:8
    Orc (4/4) D:10            Elf (3/3) Orc:4        Vaults (5/5) D:13
  Crypt (0/3) Vaults:2     Depths (2/5) D:15

Altars:
Ashenzari
Cheibriados
Dithmenos
Elyvilon
Fedhas
Gozag
Kikubaaqudgha
Makhleb
Nemelex Xobeh
Okawaru
Qazlal
Ru
Sif Muna
Trog
Vehumet
Xom
Yredelemnul
Zin
The Shining One

Shops:
D:8 [   D:10 [   D:12 *   Orc:1 *   Orc:3 =((   Orc:4 **(   Elf:3 !
Shoals:4 (   Vaults:1 [

Portals:
Hell: Depths:1 Depths:2
Trove: Elf:3 (give 5 scrolls of blinking)

Annotations:
D:7 1 runed door
Shoals:5 Mara


Innate Abilities, Weirdness & Mutations

Your body is rotting away.
You thrive on raw meat.
You have sharp fingernails.
You are carnivorous and can eat meat at any time.
Your flesh is cold resistant.
You are immune to negative energy.
Your system is resistant to poisons.
You heal slowly when monsters are visible.
You are immune to unholy pain and torment.
You can survive without breathing.


Message History

As you read the scroll of blinking, it crumbles to dust.
The cyclops is engulfed in roaring flames.
The cyclops throws a large rock.
The large rock barely misses you.
Found nine items.
Found two gates leading back out of this place.
Drink which item? (? for menu, Esc to quit)
You feel much better.
The stone giant is engulfed in roaring flames.
The forest fire spreads!
There is a gate leading back out of this place here.
Things that are here:
a large rock; a runed flail Are you sure you want to leave this ziggurat?
The fire giant points at you and mumbles some strange words.
The bolt of fire hits you!
* * * LOW HITPOINT WARNING * * *
The stone giant is engulfed in roaring flames.
The fire giant casts a spell at you.
The fireball explodes!
The fireball engulfs you!
You die...

▓▓▓ ▓▓▓▓▓.▓▓▓▓▓
▓▓▓.........▓▓▓
▓▓.............▓▓
▓...............▓▓
.................▓▓
......C†(......?$[▓
......§C§.§C..$$?$▓
......§§§CC...:$@(▓
∩.....§§.§§...$}>)(▓
......♣♣§§♣...)$∩[▓▓
.......♣......$/)$▓
..................▓
.................▓▓
▓...............▓▓
▓▓........ ....▓▓
▓▓▓..... ▓


You could see 2 fire giants and a stone giant.

Vanquished Creatures
  3 ancient liches
  A caustic shrike (Depths:2)
  A golden dragon (Vaults:4)
  Xtahua (Vaults:4)
  Arachne (Spider:2)
  A bone dragon (Zig:8)
  Nikola (Shoals:1)
  A hellephant (Zig:7)
  2 tentacled monstrosities
  An Ice Fiend (IceCv)
  A quicksilver dragon (shapeshifter) (Zig:5)
  The ghost of patheticliltramp the Shatterer, a mighty VSBe of Trog (Elf:3)
  7 titans
  3 deep elf blademasters
  A quicksilver dragon (Depths:2)
  2 deep elf master archers (Elf:3)
  A sphinx (shapeshifter) (D:15)
  A lich (Zig:8)
  A player illusion (Shoals:5)
  A sphinx (Vaults:5)
  5 tengu reavers
  2 octopode crushers (Depths:1)
  3 thorn hunters (WizLab)
  5 shadow dragons (Vaults:5)
  2 storm dragons
  Ilsuiw (Shoals:5)
  Donald (Vaults:2)
  Wiglaf (Spider:4)
  Maud (Lair:8)
  3 fire giants
  2 daevas (Depths:2)
  2 iron dragons (Vaults:5)
  3 deep elf sorcerers (Elf:3)
  A large abomination (Vaults:5)
  Aizul (Shoals:2)
  An angel (Depths:2)
  6 frost giants
  2 ghost moths (Spider:5)
  15 emperor scorpions
  4 orc warlords
  A balrug (Depths:1)
  23 ironheart preservers
  11 vault wardens
  Jorgrun (Shoals:5)
  7 very ugly things
  20 stone giants
  4 war gargoyles (Vaults:5)
  12 deep elf annihilators
  10 deep elf demonologists
  3 dire elephants
  A vampire knight (Vaults:2)
  An unborn (Zig:8)
  Snorg (Lair:8)
  3 fire dragons
  6 ettins
  5 merfolk javelineers (Shoals:5)
  A green death (Vaults:4)
  2 eidola (Zig:8)
  6 deep elf death magi
  A crystal guardian (Vaults:3)
  A blizzard demon (Depths:1)
  33 vault guards
  7 merfolk impalers
  5 deep elf high priests
  17 yaktaur captains
  18 ogre magi
  5 great orbs of eyes
  6 ice dragons
  11 hydras
  Fannar (Orc:3)
  A jiangshi (Vaults:2)
  2 naga warriors (Zig:2)
  2 catoblepae
  A hydra (shapeshifter) (Vaults:2)
  2 rakshasas
  A small abomination (Vaults:5)
  5 merfolk aquamancers
  14 dancing weapons (Elf:2)
  3 deep troll earth magi
  5 merfolk avatars
  3 alligator snapping turtles
  13 centaur warriors
  2 satyrs (WizLab)
  6 deep troll shamans
  12 death yaks
  2 orc high priests
  3 spriggan berserkers (Depths:2)
  A tengu warrior (Depths:1)
  3 sun demons (Depths:1)
  A vampire mage (Vaults:2)
  Nergalle (D:13)
  22 deep elf knights
  An iron troll (shapeshifter) (Zig:5)
  3 shadow wraiths
  2 iron trolls (D:10)
  2 fire crabs
  A swamp dragon (shapeshifter) (D:15)
  An unseen horror (shapeshifter) (Depths:2)
  A giant orange brain (D:15)
  A hell knight (Depths:2)
  8 sea snakes
  3 orc knights
  21 deep trolls
  A giant orange brain (shapeshifter) (Depths:2)
  9 deep elf summoners
  A flayed ghost (Zig:8)
  12 hill giants
  4 ice statues
  A necromancer (Vaults:2)
  A wolf spider zombie (D:15)
  An obsidian statue (Depths:2)
  21 harpies
  9 ice devils
  A lindwurm (shapeshifter) (Vaults:1)
  10 deep elf conjurers
  9 hornets
  A lindwurm (Lair:7)
  An orb spider (shapeshifter) (Depths:2)
  4 orc sorcerers
  37 slime creatures
  A hornet (shapeshifter) (Vaults:2)
  31 wolf spiders
  An anubis guard (shapeshifter) (D:14)
  64 ugly things
  2 draconians (shapeshifter)
  A shining eye (shapeshifter) (Depths:2)
  18 manticores
  8 elephants
  2 water nymphs (Shoals:5)
  17 orb spiders
  14 griffons
  17 ironbrand convokers
  5 phantasmal warriors
  A cyclops (shapeshifter) (Zig:5)
  7 cyclopes
  A manticore (shapeshifter) (Vaults:5)
  12 black mambas
  12 fauns
  3 moths of wrath (shapeshifter)
  2 moths of wrath
  Maurice (D:10)
  10 sirens
  A guardian serpent (Lair:8)
  Joseph (D:11)
  13 vault sentinels
  An eye of devastation (shapeshifter) (Elf:3)
  A gargoyle (D:12)
  6 drowned souls
  A smoke demon (Depths:1)
  2 anaconda simulacra (IceCv)
  Psyche (D:8)
  22 spiny frogs
  A komodo dragon (shapeshifter) (D:13)
  An elf (shapeshifter) (Elf:3)
  28 yaktaurs
  6 centaur skeletons
  10 demonic crawlers
  A yaktaur (shapeshifter) (Depths:2)
  3 kobold demonologists
  13 komodo dragons
  12 trolls
  7 deep elf priests
  29 jumping spiders
  2 freezing wraiths
  A guardian mummy (Zig:4)
  A fire drake (shapeshifter) (Depths:2)
  5 blue devils (IceCv)
  2 jumping spiders (shapeshifter) (Depths:2)
  3 polar bears
  41 two-headed ogres
  A wind drake (shapeshifter) (Vaults:3)
  6 fire drakes
  34 merfolk
  A raiju (shapeshifter) (Vaults:1)
  4 wind drakes
  A fire giant simulacrum (Vaults:2)
  A golden dragon simulacrum (IceCv)
  Grinder (D:6)
  2 ravens (Depths:1)
  3 ushabtiu (Zig:4)
  A spectral orc (D:13)
  A boulder beetle (Vaults:5)
  2 basilisks
  17 snapping turtles
  13 trapdoor spiders
  40 redbacks
  28 blink frogs
  A spriggan (D:7)
  A flying skull (Zig:4)
  A tarantella (shapeshifter) (Vaults:2)
  21 hippogriffs
  26 tarantellas
  31 deep elf magi
  3 wraiths
  5 wyverns
  A wyvern (shapeshifter) (Vaults:2)
  13 water elementals
  60 yaks
  A yak (shapeshifter) (Elf:2)
  A golden eye (shapeshifter) (Zig:5)
  A chaos spawn (Elf:3)
  A neqoxec (Vaults:4)
  A steam dragon (Lair:8)
  A hog (D:11)
  4 hungry ghosts
  9 wolves
  4 harpy simulacra (IceCv)
  7 vampire mosquitoes
  An iron troll simulacrum (IceCv)
  36 deep elf fighters
  Edmund (D:6)
  5 mottled dragons
  4 nagas (Lair:3)
  2 wargs
  An ettin simulacrum (IceCv)
  11 porcupines
  32 water moccasins
  A hydra simulacrum (IceCv)
  6 wasps
  A black bear (shapeshifter) (Vaults:4)
  6 black bears
  2 eyes of draining (shapeshifter)
  A spider (shapeshifter) (Zig:5)
  29 orc warriors
  6 ice beasts
  8 boggarts
  2 sky beasts
  52 spiders
  An eye of draining (D:15)
  2 phantoms
  27 centaurs
  70 ogres
  14 crocodiles
  5 boring beetles
  2 necrophages
  8 big kobolds
  The ghost of quackv2 the Magician, an average GrWz (D:3)
  2 earth elementals (WizLab)
  Blork the orc (D:6)
  27 giant frogs
  A gnoll sergeant (D:5)
  10 wights (D:11)
  9 scorpions
  8 killer bees
  16 crimson imps
  4 centaur zombies
  7 electric eels
  2 goliath beetles (D:6)
  A human simulacrum (Vaults:2)
  7 giant frog zombies
  17 hounds
  3 jellies
  5 giant frog skeletons
  12 iguanas
  2 human skeletons
  2 human zombies
  15 orc priests
  27 orc wizards
  2 quasits
  15 worker ants
  2 hell rats (Lair:2)
  27 sheep
  A hound skeleton (D:7)
  6 mummies
  11 gnolls
  51 river rats
  A giant mite (D:1)
  22 white imps
  38 adders
  A worm (D:2)
  4 shadow imps
  7 giant geckos
  2 oozes
  209 orcs
  5 bat skeletons
  2 bat zombies (D:3)
  9 giant cockroaches
  34 goblins
  28 hobgoblins
  4 jackals (D:4)
  42 kobolds
  15 quokkas
  27 bats
  A giant newt (D:2)
  A goblin skeleton (D:7)
  2 jackal zombies
  2 quokka skeletons
  28 rats
  7 ballistomycetes
  A briar patch (WizLab)
  A crawling corpse (Vaults:5)
  2 fungi (Elf:3)
  21 plants
  10 toadstools (WizLab)
2538 creatures vanquished.

Vanquished Creatures (collateral kills)
  The ghost of DragonRU the Impaler, a powerful MfWn of Okawaru (Spider:1)
  3 elephants (Lair:3)
  A yaktaur (Depths:2)
  5 yaks (Lair:8)
  A water moccasin (Lair:8)
  An orc warrior (Zig:6)
  An ogre (Zig:6)
  An orc (Zig:6)
14 creatures vanquished.

Vanquished Creatures (others)
  An Executioner (Lair:3)
  A fire giant (Zig:9)
  An ettin (Zig:9)
  A blizzard demon (Zig:6)
  A green death (Zig:6)
  A shadow wraith (Vaults:4)
  An orb spider (Spider:4)
  A cyclops (Zig:9)
  33 drowned souls
  A jumping spider (Spider:1)
  A deep elf fighter (Vaults:4)
  An ogre (Vaults:5)
  4 spiders (Depths:2)
  A boggart (Depths:1)
  A worker ant (D:8)
  2 orcs (D:8)
  3 giant spores
  6 fungi
  9 plants
  5 toadstools (WizLab)
75 creatures vanquished.

Grand Total: 2627 creatures vanquished

Notes
Turn   | Place    | Note
--------------------------------------------------------------
     0 | D:1      | DogShitOnMyToe, the Ghoul Necromancer, began the quest for the Orb.
     0 | D:1      | Reached XP level 1. HP: 14/14 MP: 2/2
    67 | D:1      | Reached skill level 1 in Unarmed Combat
   175 | D:1      | Reached XP level 2. HP: 17/20 MP: 3/3
   492 | D:1      | Reached XP level 3. HP: 24/24 MP: 5/5
  1016 | D:3      | Reached XP level 4. HP: 24/32 MP: 5/5
  1291 | D:3      | Reached XP level 5. HP: 28/37 MP: 6/6
  1321 | D:3      | Reached skill level 5 in Unarmed Combat
  1562 | D:3      | Noticed quackv2's ghost (average GrWz)
  1829 | D:3      | Killed quackv2's ghost
  1829 | D:3      | Reached skill level 6 in Unarmed Combat
  1829 | D:3      | Reached XP level 6. HP: 29/45 MP: 8/8
  1956 | D:3      | Noticed a centaur
  1973 | D:3      | Killed a centaur
  2160 | D:3      | Found a shimmering altar of Xom.
  2272 | D:3      | Found an ancient bone altar of Kikubaaqudgha.
  2353 | D:3      | Reached skill level 7 in Unarmed Combat
  2501 | D:4      | Reached XP level 7. HP: 39/48 MP: 8/8
  2504 | D:4      | Reached skill level 8 in Unarmed Combat
  2879 | D:4      | You fall through a shaft for 3 floors!
  2897 | D:7      | Found a runed door.
  3037 | D:6      | Reached skill level 9 in Unarmed Combat
  3288 | D:6      | Noticed Grinder
  3299 | D:6      | Killed Grinder
  3299 | D:6      | Reached XP level 8. HP: 50/57 MP: 10/10
  3320 | D:5      | Entered Level 5 of the Dungeon
  3332 | D:5      | Reached skill level 10 in Unarmed Combat
  3794 | D:4      | Reached skill level 11 in Unarmed Combat
  4330 | D:5      | Found a staircase to the Ecumenical Temple.
  4423 | Temple   | Entered the Ecumenical Temple
  4522 | Temple   | Became a worshipper of Makhleb the Destroyer
  4652 | D:6      | Noticed Blork the orc
  4659 | D:6      | Killed Blork the orc
  4675 | D:6      | Reached XP level 9. HP: 60/60 MP: 11/11
  4818 | D:6      | Reached skill level 12 in Unarmed Combat
  4900 | D:6      | HP: 2/62 [goliath beetle (18)]
  5560 | D:7      | Noticed Edmund
  5578 | D:6      | Killed Edmund
  5642 | D:7      | Found a radiant altar of Vehumet.
  5643 | D:7      | Found a stormy altar of Qazlal.
  5649 | D:7      | Found an iron altar of Okawaru.
  5651 | D:7      | Found a shattered altar of Ashenzari.
  5652 | D:7      | Found a glowing golden altar of the Shining One.
  5660 | D:7      | Acquired Makhleb's first power
  5805 | D:7      | Reached skill level 1 in Shields
  6023 | D:7      | Noticed a human
  6024 | D:7      | Found a basalt altar of Yredelemnul.
  6325 | D:7      | Noticed a spriggan baker
  6332 | D:7      | Killed a spriggan baker
  6458 | D:8      | Found Struac's Antique Armour Boutique.
  6461 | D:8      | Bought a pair of embroidered gloves for 121 gold pieces
  6461 | D:8      | Bought a shiny helmet for 121 gold pieces
  6608 | D:8      | Noticed Psyche
  6614 | D:8      | Killed Psyche
  6614 | D:8      | Reached skill level 5 in Shields
  6648 | D:8      | Acquired Makhleb's second power
  6814 | D:8      | Reached XP level 10. HP: 67/69 MP: 11/11
  6846 | D:8      | Got a distressingly furry buckler
  6880 | D:8      | Identified the +0 buckler of the Six Cities {rElec rF+ rC- Int-3 Dex+9} (You found it on level 8 of the Dungeon)
  6983 | D:8      | Found an iron altar of Okawaru.
  8367 | D:9      | Reached skill level 5 in Armour
  8429 | D:9      | Acquired Makhleb's third power
  8639 | D:10     | Entered Level 10 of the Dungeon
  8646 | D:10     | Found Oskixtia's Antique Armour Emporium.
  8651 | D:10     | Noticed Maurice
  8677 | D:10     | Killed Maurice
  9032 | D:10     | Found a runed door.
  9128 | D:10     | Found a runed door.
  9135 | D:10     | Noticed a deep troll
  9147 | D:10     | Killed a deep troll
  9147 | D:10     | Reached XP level 11. HP: 66/74 MP: 13/13
  9156 | D:10     | Noticed an iron troll
  9156 | D:10     | Noticed a deep troll
  9156 | D:10     | Noticed an iron troll
  9316 | D:10     | Acquired Makhleb's fourth power
  9370 | D:10     | Noticed a hill giant
  9370 | D:10     | Noticed a hill giant
  9380 | D:10     | Killed a hill giant
  9389 | D:10     | Killed a hill giant
  9440 | D:10     | Found a staircase to the Orcish Mines.
  9775 | D:10     | Acquired Makhleb's fifth power
  9837 | D:10     | Reached skill level 1 in Fighting
 10080 | D:11     | Noticed a hill giant
 10090 | D:11     | Noticed a hill giant
 10090 | D:11     | Killed a hill giant
 10090 | D:11     | Reached skill level 5 in Fighting
 10100 | D:11     | Killed a hill giant
 10307 | D:11     | Noticed Joseph
 10329 | D:11     | Killed Joseph
 10386 | D:11     | Found a huge runed gate.
 10387 | D:11     | Found a huge runed gate.
 10388 | D:11     | Found a huge runed gate.
 10389 | D:11     | Found a huge runed gate.
 10390 | D:11     | Noticed a death yak
 10395 | D:11     | Reached skill level 1 in Invocations
 10608 | D:11     | Reached XP level 12. HP: 100/100 MP: 13/15
 10715 | D:11     | Found a staircase to the Lair.
 10919 | D:12     | Reached skill level 5 in Invocations
 11159 | D:12     | Noticed an eight-headed hydra
 11163 | D:12     | Found Maar Sov's Serpentskin Sales.
 11279 | D:12     | Found a blossoming altar of Fedhas.
 11558 | D:12     | Killed an eight-headed hydra
 12028 | Lair:1   | Entered Level 1 of the Lair of Beasts
 12347 | Lair:1   | Noticed a six-headed hydra
 12356 | Lair:1   | Killed a six-headed hydra
 12790 | Lair:1   | Reached skill level 10 in Fighting
 13027 | Lair:1   | Reached skill level 10 in Armour
 13027 | Lair:1   | Reached XP level 13. HP: 69/110 MP: 24/24
 14100 | Lair:3   | Found a staircase to the Snake Pit.
 15259 | Lair:4   | Reached skill level 13 in Unarmed Combat
 15306 | Lair:4   | Identified a scroll of acquirement
 16026 | Lair:5   | Found a hole to the Spider Nest.
 16110 | Lair:5   | Reached XP level 14. HP: 78/120 MP: 25/25
 16503 | Lair:5   | Found a staircase to the Shoals.
 16567 | Lair:5   | Reached skill level 14 in Unarmed Combat
 17217 | Lair:6   | Reached skill level 15 in Unarmed Combat
 18265 | Lair:7   | Reached skill level 16 in Unarmed Combat
 19249 | Lair:8   | Entered Level 8 of the Lair of Beasts
 19283 | Lair:8   | Reached skill level 17 in Unarmed Combat
 19328 | Lair:8   | Noticed Maud
 19342 | Lair:8   | HP: 4/121 [Maud/double sword of freezing (3)]
 19423 | Lair:8   | Noticed Snorg
 19432 | Lair:8   | Killed Snorg
 19452 | Lair:8   | Killed Maud
 19452 | Lair:8   | Reached XP level 15. HP: 126/126 MP: 26/26
 19557 | Lair:8   | Found a staircase to the Slime Pits.
 19893 | Lair:8   | Reached skill level 18 in Unarmed Combat
 21117 | D:10     | Killed an iron troll
 21175 | D:10     | Killed an iron troll
 21191 | D:10     | Killed a deep troll
 21559 | Orc:1    | Entered Level 1 of the Orcish Mines
 22153 | Orc:3    | Found Klitwir's Jewellery Boutique.
 22188 | Orc:3    | Found a flagged portal.
 22204 | Bailey   | Entered a bailey
 22640 | Orc:3    | Found Xirookla's Antique Weapon Shoppe.
 22691 | Orc:3    | Found Psol's Weapon Boutique.
 22830 | Orc:3    | Noticed Fannar
 22853 | Orc:3    | Killed Fannar
 23096 | Orc:4    | Entered Level 4 of the Orcish Mines
 23535 | Orc:4    | Found Gamu's Antique Weapon Emporium.
 23536 | Orc:4    | Found Weadorch's Assorted Antiques.
 23536 | Orc:4    | Found Odupa's Magic Scroll Boutique.
 23536 | Orc:4    | Found Maiz's General Store.
 23605 | Orc:4    | Bought a scroll of remove curse for 42 gold pieces
 23605 | Orc:4    | Bought a scroll of magic mapping for 49 gold pieces
 23605 | Orc:4    | Bought a scroll of recharging for 133 gold pieces
 23605 | Orc:4    | Bought a scroll of remove curse for 42 gold pieces
 23605 | Orc:4    | Bought a scroll of summoning for 133 gold pieces
 23605 | Orc:4    | Bought a scroll of fear for 49 gold pieces
 23763 | Orc:4    | Found a staircase to the Elven Halls.
 24446 | Orc:1    | Found Baihav's General Store.
 24455 | Orc:1    | Bought a scroll of identify for 30 gold pieces
 24455 | Orc:1    | Bought a scroll of teleportation for 45 gold pieces
 24455 | Orc:1    | Bought a scroll of recharging for 142 gold pieces
 24455 | Orc:1    | Bought a potion of haste for 150 gold pieces
 24664 | D:11     | Killed a death yak
 24706 | D:11     | Reached XP level 16. HP: 140/140 MP: 27/27
 25136 | D:13     | Noticed Nergalle
 25145 | D:13     | Killed Nergalle
 25367 | D:13     | Found a gate to the Vaults.
 25430 | D:13     | Reached skill level 10 in Invocations
 25982 | D:14     | Found a snail-covered altar of Cheibriados.
 26348 | D:14     | Learned a level 3 spell: Regeneration
 26753 | D:14     | Reached skill level 5 in Necromancy
 26843 | D:15     | Entered Level 15 of the Dungeon
 27097 | D:15     | Found a blossoming altar of Fedhas.
 27201 | D:15     | Found a staircase to the Depths.
 27202 | D:15     | Noticed a quicksilver dragon
 27202 | D:15     | a shadow dragon changed into a quicksilver dragon
 27205 | D:15     | Noticed a sphinx
 27205 | D:15     | a quicksilver dragon changed into a sphinx
 27209 | D:15     | Killed a sphinx
 28034 | Spider:1 | Entered Level 1 of the Spider Nest
 28034 | Spider:1 | Noticed DragonRU's ghost (powerful MfWn)
 28448 | Shoals:1 | Entered Level 1 of the Shoals
 28664 | Shoals:1 | Reached skill level 19 in Unarmed Combat
 28928 | Shoals:1 | Reached skill level 5 in Dodging
 29063 | Shoals:1 | Noticed Nikola
 29110 | Shoals:1 | Killed Nikola
 29478 | Shoals:2 | Noticed Aizul
 29491 | Shoals:2 | Killed Aizul
 29491 | Shoals:2 | Reached XP level 17. HP: 149/149 MP: 28/28
 30904 | Shoals:4 | Reached skill level 15 in Armour
 31381 | Shoals:4 | Found Pnabb's Weapon Emporium.
 31627 | Shoals:5 | Entered Level 5 of the Shoals
 31740 | Shoals:5 | Learned a level 1 spell: Apportation
 31743 | Shoals:5 | Learned a level 2 spell: Blink
 31836 | Shoals:5 | Noticed Jorgrun
 31966 | Shoals:5 | Noticed Mara
 31970 | Shoals:5 | Noticed DogShitOnMyToe's illusion
 31988 | Shoals:5 | Killed DogShitOnMyToe's illusion
 31989 | Shoals:5 | Cast into the Abyss (merfolk)
 32030 | Shoals:5 | Escaped the Abyss
 32053 | Shoals:5 | Noticed DogShitOnMyToe's illusion
 32752 | Shoals:5 | Noticed Ilsuiw
 32796 | Shoals:5 | Killed Ilsuiw
 32850 | Shoals:5 | Reached XP level 18. HP: 112/157 MP: 29/29
 32915 | Shoals:5 | Killed Jorgrun
 32976 | Shoals:5 | Got a barnacled rune of Zot
 33051 | Shoals:5 | Noticed DogShitOnMyToe's illusion
 33569 | Spider:1 | Killed DragonRU's ghost
 34805 | Spider:2 | Noticed Arachne
 34840 | Spider:2 | Killed Arachne
 35574 | Spider:3 | Reached skill level 15 in Fighting
 36277 | Spider:4 | Noticed Wiglaf
 36293 | Spider:4 | Killed Wiglaf
 36564 | Spider:4 | Found a frozen archway.
 36607 | IceCv    | Entered an ice cave
 36876 | IceCv    | Noticed an Ice Fiend
 36883 | IceCv    | Killed an Ice Fiend
 36885 | IceCv    | Got an encrusted cloak
 36896 | IceCv    | Identified the +0 cloak of the Devil's Advocate {rC+ MP+9 Str+6 Dex-4 Stlth+} (You found it in an ice cave)
 37080 | Spider:5 | Entered Level 5 of the Spider Nest
 37164 | Spider:5 | Reached XP level 19. HP: 174/174 MP: 29/29
 38148 | Spider:5 | Got a gossamer rune of Zot
 38648 | Vaults:1 | Entered Level 1 of the Vaults
 38888 | Vaults:1 | Reached skill level 20 in Unarmed Combat
 39130 | Vaults:1 | HP: 6/179 [deep troll[an ironheart preserver] (24)]
 39250 | Vaults:1 | Found Siugahix's Antique Armour Shop.
 39257 | Vaults:1 | Bought the +2 hat of the Bear Spirit {Spirit, +Rage rN+ MR++} for 667 gold pieces
 39678 | Vaults:1 | Reached XP level 20. HP: 187/187 MP: 30/30
 39699 | Vaults:1 | Reached skill level 21 in Unarmed Combat
 40282 | Vaults:2 | Noticed Donald
 40325 | Vaults:2 | Killed Donald
 40424 | Vaults:2 | Reached skill level 22 in Unarmed Combat
 40448 | Vaults:2 | Found a staircase to the Crypt.
 41729 | Vaults:3 | Reached skill level 23 in Unarmed Combat
 42370 | Vaults:4 | Noticed Xtahua
 42383 | Vaults:4 | Killed Xtahua
 42383 | Vaults:4 | Reached XP level 21. HP: 172/188 MP: 30/31
 42986 | Vaults:4 | Reached skill level 24 in Unarmed Combat
 44393 | Elf:1    | Entered Level 1 of the Elven Halls
 44567 | Elf:1    | Got an ichor-stained helmet
 44578 | Elf:1    | Identified the +1 helmet of Yfrar {rC+ Int-5 Dex+2 Stlth+} (You found it on level 1 of the Elven Halls)
 45201 | Elf:2    | Reached skill level 25 in Unarmed Combat
 45314 | Elf:2    | Found a runed gate.
 45314 | Elf:2    | Found a runed gate.
 45314 | Elf:2    | Found a runed gate.
 46007 | Elf:3    | Entered Level 3 of the Elven Halls
 46081 | Elf:2    | Reached XP level 22. HP: 187/202 MP: 31/31
 46145 | Elf:3    | Found Taohufan's Distillery.
 46200 | Elf:3    | Found a portal to a secret trove of treasure.
 46208 | Elf:3    | Found a magical portal.
 46234 | WizLab   | Entered Eringya's Formal Garden
 46468 | WizLab   | Identified Thuajuew's Advanced Secret Knowledge
 46484 | WizLab   | Identified Sif Muna's Advanced Steps in Witchcraft (You found it in a wizard's laboratory)
 46492 | WizLab   | Learned a level 6 spell: Deflect Missiles
 46499 | WizLab   | Learned a level 6 spell: Haste
 46567 | WizLab   | Found a blossoming altar of Fedhas.
 46592 | WizLab   | Identified Sif Muna's Tome of Bewitchment and Venom
 46606 | WizLab   | Identified the Papyrus of Confrontation
 46901 | Elf:3    | Reached skill level 26 in Unarmed Combat
 46959 | Elf:3    | Learned a level 1 spell: Summon Butterflies
 47155 | Elf:3    | Got a pair of bloodstained boots
 47172 | Elf:3    | Identified the cursed -2 pair of boots of the Ditch-Digger {+Blink} (You found it on level 3 of the Elven Halls)
 47423 | Elf:3    | Bought a potion of heal wounds for 75 gold pieces
 47423 | Elf:3    | Bought a potion of might for 60 gold pieces
 47423 | Elf:3    | Bought a potion of heal wounds for 75 gold pieces
 47757 | Elf:3    | Noticed patheticliltramp's ghost (mighty VSBe)
 47762 | Elf:3    | Killed patheticliltramp's ghost
 48308 | Vaults:5 | Entered Level 5 of the Vaults
 48330 | Vaults:4 | Reached skill level 27 in Unarmed Combat
 48511 | Vaults:4 | Reached XP level 23. HP: 211/213 MP: 27/32
 48974 | Vaults:5 | Noticed an ancient lich
 48979 | Vaults:5 | Killed an ancient lich
 49001 | Vaults:5 | Got a silver rune of Zot
 49720 | Vaults:5 | Got a steaming jade ring
 49733 | Vaults:5 | Identified the ring "Pnarha" {SustAb -Tele +Inv rPois Int+4} (You took it off a deep elf high priest on level 5 of the Vaults)
 49784 | Vaults:5 | Reached skill level 15 in Invocations
 50056 | Vaults:5 | Noticed an ancient lich
 50071 | Vaults:5 | Killed an ancient lich
 50071 | Vaults:5 | Reached XP level 24. HP: 220/220 MP: 36/36
 50470 | Depths:1 | Entered Level 1 of the Depths
 50695 | Depths:1 | Reached skill level 10 in Shields
 50762 | Depths:1 | Found a gateway to Hell.
 51708 | Depths:2 | Found a gateway to a ziggurat.
 51900 | Depths:2 | Reached skill level 1 in Evocations
 52126 | Depths:2 | Reached skill level 5 in Evocations
 52578 | Zig:1    | Entered Level 1 of a ziggurat
 52601 | Zig:2    | Entered Level 2 of a ziggurat
 52657 | Zig:3    | Entered Level 3 of a ziggurat
 52727 | Zig:4    | Entered Level 4 of a ziggurat
 52786 | Zig:5    | Entered Level 5 of a ziggurat
 52839 | Zig:5    | Got a glittering marble ring
 52841 | Zig:5    | Identified the ring "Shysoeph" {+Inv AC+2} (You found it on level 5 of a ziggurat)
 52850 | Zig:6    | Entered Level 6 of a ziggurat
 52876 | Zig:6    | Reached XP level 25. HP: 107/226 MP: 37/37
 52939 | Zig:7    | Entered Level 7 of a ziggurat
 53107 | Zig:8    | Entered Level 8 of a ziggurat
 53115 | Zig:8    | Noticed an ancient lich
 53132 | Zig:8    | Killed an ancient lich
 53132 | Zig:8    | Reached skill level 10 in Evocations
 53177 | Zig:9    | Entered Level 9 of a ziggurat
 53224 | Zig:9    | Killed from afar by a fire giant

Action                   |  1- 3 |  4- 6 |  7- 9 | 10-12 | 13-15 | 16-18 | 19-21 | 22-24 | 25-27 || total
-------------------------+-------+-------+-------+-------+-------+-------+-------+-------+-------++-------
Melee: Unarmed           |    44 |       |   310 |   796 |  1738 |  1785 |  1275 |  1104 |   105 ||  7157
       Short sword       |    69 |   181 |    76 |       |       |       |       |       |       ||   326
Invok: Minor Destruction |       |       |       |     6 |    48 |    11 |       |       |       ||    65
       Major Destruction |       |       |       |     1 |     1 |       |       |       |       ||     2
       Greater Servant o |       |       |       |       |     2 |     1 |       |     2 |       ||     5
Evoke: Wand              |       |       |       |       |     1 |    12 |     5 |     4 |     1 ||    23
       Sack of spiders   |       |       |       |       |       |       |       |    13 |       ||    13
  Use: Scroll            |       |     4 |    12 |       |    17 |    13 |    16 |    12 |     1 ||    75
       Potion            |       |       |       |     2 |     1 |     4 |     5 |     2 |     1 ||    15
 Stab: Sleeping          |     2 |       |       |       |       |       |       |       |       ||     2
       Distracted        |       |       |       |       |       |       |       |     2 |       ||     2
       Petrified         |       |       |       |       |       |       |       |     1 |       ||     1
       Invisible         |       |       |       |       |       |       |       |       |     3 ||     3
  Eat: Chunk             |     4 |    10 |    57 |    50 |   131 |   118 |    94 |    83 |    34 ||   581
       Meat ration       |       |       |       |       |       |       |       |     2 |       ||     2
